 Dungeon Crawl Stone Soup version 0.23.0-3-gf3c87f2 (webtiles) character file.

Game seed: 7919148858174162026

497357 vishdafish the Victor of a Thousand Battles (level 25, -15/199 HPs)
             Began as a Gnoll Skald on Feb 20, 2019.
             Was the Champion of Okawaru.
             Demolished by a very large slime creature (24 damage)
             ... on level 2 of the Pits of Slime.
             The game lasted 03:29:11 (60766 turns).

vishdafish the Victor of a Thousand Battles (GnSk) Turns: 60766, Time: 03:29:13

Health: -15/199    AC: 37    Str: 20    XL:     25   Next: 15%
Magic:  47/47      EV: 25    Int: 24    God:    Okawaru [******]
Gold:   1011       SH:  0    Dex: 21    Spells: 34/57 levels left

rFire    + + .     SeeInvis .   A - +9 double sword (holy)
rCold    + . .     Gourm    .   e - +5 shield {reflect}
rNeg     + . .     Faith    .   N - +7 chain mail of Chill Winds {Slay+2 Stlth+}
rPois    .         Spirit   .   Q - +0 helmet of Tokeugum {rElec rC+ rCorr}
rElec    +         Reflect  +   P - scarf {cloud immunity}
rCorr    +         Harm     .   s - +2 pair of gloves of Catatonia {rF++}
MR       +....                  E - +5 pair of boots of Oceguep {rElec Str+4}
Stlth    ++........             p - amulet of regeneration
HPRegen  1.23/turn              o - ring of positive energy
MPRegen  0.30/turn              M - +5 ring of protection

@: confused, agile, studying 3 skills
A: distributed training, fangs 1, hooves 1, high mp 1, regeneration 1,
electricity resistance, strong nose
}: 2/15 runes: decaying, gossamer
a: Heroism, Finesse, Renounce Religion


You were on level 2 of the Pits of Slime.
You worshipped Okawaru.
Okawaru was exalted by your worship.
You were hungry.

You visited 9 branches of the dungeon, and saw 46 of its levels.
You visited the Abyss 1 time.
You also visited: Sewer, Ossuary, Gauntlet, Ice Cave and Volcano.

You collected 5568 gold pieces.
You spent 4557 gold pieces at shops.

Inventory:

Hand Weapons
 A - a +9 double sword of holy wrath (weapon)
 V - a +9 trishula of holy wrath
Missiles
 g - 2 javelins (quivered)
 h - 3 javelins of returning
 W - 6 steel javelins
Armour
 e - a +5 shield of reflection (worn)
 s - the +2 pair of gloves of Catatonia (worn) {rF++}
   (Okawaru gifted it to you on level 1 of the Elven Halls)

   It greatly protects you from fire.
 E - the +5 pair of boots of Oceguep (worn) {rElec Str+4}
   (You found it on level 7 of the Dungeon)

   It affects your strength (+4).
   It insulates you from electricity.
 N - the +7 chain mail of Chill Winds (worn) {Slay+2 Stlth+}
   (Okawaru gifted it to you on level 3 of the Vaults)

   It affects your accuracy and damage with ranged weapons and melee attacks
   (+2).
   It makes you more stealthy.
 P - a scarf of cloud immunity (worn)
 Q - the +0 helmet of Tokeugum (worn) {rElec rC+ rCorr}
   (Okawaru gifted it to you on level 12 of the Dungeon)

   It protects you from cold.
   It insulates you from electricity.
   It provides partial protection from all sources of acid and corrosion.
Magical Staves
 i - an uncursed staff of wizardry
Jewellery
 o - a ring of positive energy (left hand)
 p - an amulet of regeneration (around neck)
 G - the ring "Finiad" {Str+4 Int+7 Stlth+}
   (You found it on level 4 of the Depths)

   [ring of stealth]

   It affects your strength (+4).
   It affects your intelligence (+7).
   It makes you more stealthy.
 J - an uncursed amulet of rage
 M - a +5 ring of protection (right hand)
Wands
 C - a wand of acid (4)
 D - a wand of digging (6)
Scrolls
 f - 2 scrolls of enchant weapon
 u - 4 scrolls of enchant armour
 w - 5 scrolls of fog
 y - 4 scrolls of immolation
 z - 2 scrolls of identify
 F - 9 scrolls of teleportation
 H - 4 scrolls of torment
 R - 6 scrolls of magic mapping
 X - 2 scrolls of fear
 Y - 24 scrolls of remove curse
 Z - 5 scrolls of summoning
Potions
 b - 5 potions of cancellation
 j - 7 potions of flight
 k - 3 potions of resistance
 q - 6 potions of agility
 t - 2 potions of haste
 v - 2 potions of brilliance
 I - 2 potions of might
 K - 3 potions of magic
 S - a potion of invisibility
 U - 5 potions of ambrosia
Books
 l - a manual of Ice Magic
 r - a manual of Fire Magic
 L - a manual of Staves
Miscellaneous
 a - a phial of floods
 c - a crystal ball of energy
 B - a lamp of fire (inert)
Comestibles
 d - 42 rations


   Skills:
 + Level 16.4 Fighting
 + Level 15.9 Short Blades
 + Level 16.4 Long Blades
 + Level 15.9 Axes
 + Level 15.9 Maces & Flails
 + Level 15.9 Polearms
 + Level 16.4 Staves
 + Level 15.9 Slings
 + Level 15.9 Bows
 + Level 15.9 Crossbows
 + Level 15.9 Throwing
 + Level 16.0 Armour
 + Level 16.4 Dodging
 + Level 15.9 Stealth
 + Level 15.9 Shields
 + Level 15.9 Unarmed Combat
 + Level 16.5 Spellcasting
 + Level 13.7 Conjurations
 + Level 13.7 Hexes
 + Level 14.5 Charms
 + Level 13.7 Summonings
 + Level 13.7 Necromancy
 + Level 13.7 Translocations
 + Level 13.7 Transmutations
 + Level 14.8 Fire Magic
 + Level 14.6 Ice Magic
 + Level 13.7 Air Magic
 + Level 13.7 Earth Magic
 + Level 13.7 Poison Magic
 + Level 17.1 Invocations
 + Level 15.9 Evocations


You had 34 spell levels left.
You knew the following spells:

 Your Spells              Type           Power        Failure   Level  Hunger
a - Infusion              Chrm           ####         1%          1    None
b - Song of Slaying       Chrm           ######..     1%          2    None
c - Shroud of Golubria    Chrm/Tloc      ######....   1%          2    None
d - Spectral Weapon       Hex/Chrm       ######..     1%          3    None
e - Animate Dead          Necr           N/A          1%          4    None
f - Dispel Undead         Necr           ######..     1%          5    #......
g - Recall                Summ/Tloc      N/A          1%          3    None
h - Regeneration          Chrm/Necr      ######....   1%          3    None

Your spell library contained the following spells:

 Spells                   Type           Power        Failure   Level  Hunger
 Animate Skeleton         Necr           N/A          1%          1    None
 Confusing Touch          Hex            ######       1%          1    None
 Corona                   Hex            ######.      1%          1    None
 Flame Tongue             Conj/Fire      #####        1%          1    None
 Freeze                   Ice            ####         1%          1    None
 Magic Dart               Conj           ####         1%          1    None
 Pain                     Necr           ####         1%          1    None
 Shock                    Conj/Air       ####         1%          1    None
 Blink                    Tloc           N/A          1%          2    None
 Call Imp                 Summ           ######..     1%          2    None
 Poisonous Vapours        Pois/Air       ######       1%          2    None
 Slow                     Hex            ######..     1%          2    None
 Sublimation of Blood     Necr           ######....   1%          2    None
 Swiftness                Chrm/Air       ######..     1%          2    None
 Throw Frost              Conj/Ice       ######       1%          2    None
 Call Canine Familiar     Summ           ######..     1%          3    None
 Confuse                  Hex            ######..     1%          3    None
 Conjure Flame            Conj/Fire      ######..     1%          3    None
 Gell's Gravitas          Tloc           ######....   1%          3    None
 Ignite Poison            Fire/Tmut/Pois ######..     1%          3    None
 Inner Flame              Hex/Fire       ######..     1%          3    None
 Lesser Beckoning         Tloc           ######....   1%          3    None
 Mephitic Cloud           Conj/Pois/Air  ######..     1%          3    None
 Ozocubu's Armour         Chrm/Ice       ######..     1%          3    None
 Portal Projectile        Hex/Tloc       ######       1%          3    None
 Static Discharge         Conj/Air       ######..     1%          3    None
 Summon Guardian Golem    Hex/Summ       ######..     1%          3    None
 Teleport Other           Tloc           ######..     1%          3    None
 Vampiric Draining        Necr           ######....   1%          3    None
 Cause Fear               Hex            ######....   1%          4    None
 Leda's Liquefaction      Hex/Erth       ######....   1%          4    None
 Passage of Golubria      Tloc           N/A          1%          4    None
 Petrify                  Tmut/Erth      ######..     1%          4    None
 Summon Ice Beast         Ice/Summ       ######..     1%          4    None
 Throw Icicle             Conj/Ice       ######..     1%          4    None
 Alistair's Intoxication  Tmut/Pois      ######..     1%          5    #......
 Bolt of Draining         Conj/Necr      ######....   1%          5    #......
 Bolt of Magma            Conj/Fire/Erth ######....   1%          5    #......
 Irradiate                Conj/Tmut      ######....   1%          5    #......
 Iskenderun's Battlesphe  Conj/Chrm      ######..     1%          5    #......
 Lightning Bolt           Conj/Air       ######....   1%          5    #......
 Metabolic Englaciation   Hex/Ice        ######....   1%          5    #......
 Summon Mana Viper        Hex/Summ       ######..     1%          5    #......
 Yara's Violent Unravell  Hex/Tmut       ######....   1%          5    #......
 Bolt of Fire             Conj/Fire      ######....   6%          6    ####...
 Freezing Cloud           Conj/Ice/Air   ######....   7%          6    ####...
 Iron Shot                Conj/Erth      ######....   8%          6    ####...
 Statue Form              Tmut/Erth      ######...    8%          6    ####...
 Ring of Flames           Chrm/Fire      ######....   28%         7    ######.
 Dragon Form              Tmut           ######....   38%         7    ######.
 Ignition                 Fire           ######....   90%         8    #######
 Dragon's Call            Summ           ######....   100%        9    #######
 Shatter                  Erth           ######....   100%        9    #######
 Tornado                  Air            ######....   100%        9    #######


Dungeon Overview and Level Annotations

Branches:
Dungeon (15/15)            Temple (0/1) D:4            Lair (6/6) D:8
  Swamp (4/4) Lair:2       Spider (4/4) Lair:2        Slime (3/5) Lair:5
    Orc (2/2) D:11            Elf (3/3) Orc:2        Vaults (4/5) D:13
  Crypt (0/3) Vaults:3     Depths (5/5) D:15            Zot (0/5) Depths:5

Altars:
Elyvilon
Fedhas
Gozag
Kikubaaqudgha
Okawaru
Sif Muna
Trog
Wu Jian
Xom
Yredelemnul
The Shining One
Beogh
Lugonu

Shops:
D:4 %   D:8 (   Orc:1 %   Orc:2 ([}(   Elf:1 [(   Vaults:2 *   Vaults:3 =
Vaults:4 [   Depths:2 *   Depths:5 ?

Portals:
Hell: Depths:1 Depths:2 Depths:3 Depths:4 Depths:5
Abyss: Depths:1 Depths:3 Depths:4 Depths:5
Pandemonium: Depths:3
Ziggurat: Depths:5
Trove: Elf:1 (give 13 potions of heal wounds)


Innate Abilities, Weirdness & Mutations

Your experience applies equally to all skills.
You have very sharp teeth.
Your uncanny sense of smell can sniff out nearby items.
You have large cloven feet.
You have an increased reservoir of magic. (+10% MP)
Your natural rate of healing is unusually fast.
You are resistant to electric shocks. (rElec)


Message History

The azure jelly misses you.
The azure jelly hits you but does no damage. x3
The azure jelly hits you!
* * * LOW HITPOINT WARNING * * *
The slime creature hits you!
* * * LOW HITPOINT WARNING * * *
The very large slime creature hits you!!
* * * LOW HITPOINT WARNING * * *
The azure jelly closely misses you. x2
The azure jelly hits you but does no damage.
The azure jelly completely misses you.
Okay, then.
You feel agile all of a sudden.
The azure jelly hits you but does no damage. x2
The azure jelly hits you.
* * * LOW HITPOINT WARNING * * *
The azure jelly hits you but does no damage.
The slime creature hits you but does no damage.
The very large slime creature hits you!!
You die...

#.....##............#
##.....#............#
##...................#
##.#............#.#..##
#...##(..........#####
###............#...######
##.............###....##.##
###..........JJ...##........##
##............J@..##..........#
##.............J...............#
..#.....................##.#..##
.....<.........#.......##.....#
........................##.#.##
.........................##...#
...<...<...........##...## ....#
..................####### .#.##
.........##........#


You could see 2 azure jellies, a very large slime creature and a slime creature.

Vanquished Creatures
  Dissolution (Slime:1)
  Mennas (Vaults:2)
  Sojobo (Vaults:2)
  Saint Roka (Depths:4)
  4 caustic shrikes (Depths:5)
  2 golden dragons (Depths:5)
  Nikola (Spider:2)
  5 liches
  A tentacled monstrosity (Depths:1)
  A deep elf master archer (Elf:3)
  4 deep elf blademasters
  2 titans
  6 acid blobs
  Frances (Spider:2)
  Kirke (Lair:5)
  Agnes (Spider:1)
  2 sphinxes
  A draconian monk (Depths:5)
  A nagaraja (Depths:4)
  2 thorn hunters (Swamp:1)
  3 shadow dragons
  5 tengu reavers
  An azure jelly (Slime:2)
  8 frost giants
  7 deep elf sorcerers
  2 draconian scorchers (Depths:5)
  The ghost of barkas the Spear-Bearer, a journeyman CeMo of Okawaru (Orc:1)
  3 iron dragons
  6 vault wardens
  2 ghost moths
  Louise (D:14)
  2 orc warlords (Depths:2)
  5 fire giants
  2 deep elf elementalists (Elf:3)
  A reaper (Gauntlet)
  9 ironheart preservers
  6 emperor scorpions
  16 very ugly things
  A draconian stormcaller (Depths:5)
  3 vampire knights
  4 entropy weavers
  2 green draconians (Depths:5)
  8 stone giants
  6 deep elf demonologists
  A yellow draconian (Depths:5)
  Nessos (Lair:5)
  A minotaur (Gauntlet)
  9 deep elf annihilators
  2 white draconians (Depths:5)
  6 spark wasps
  2 purple draconians (Depths:5)
  A black draconian (Depths:5)
  A blizzard demon (IceCv)
  Azrael (Orc:2)
  8 ettins
  4 red draconians (Depths:5)
  6 deep elf death magi
  2 green deaths (Depths:4)
  8 fire dragons
  Josephine (D:12)
  2 jiangshi (Depths:1)
  17 yaktaur captains
  9 great orbs of eyes
  2 deep elf high priests (Elf:3)
  3 spriggan air magi
  19 hydras
  The ghost of Jiolyugh the Geomancer, a journeyman GrEE of Qazlal (D:14)
  9 ice dragons
  4 vault guards
  An ice dragon (shapeshifter) (Depths:1)
  2 naga warriors (Depths:4)
  A ghost crab (Swamp:1)
  11 centaur warriors
  A rakshasa (Vaults:2)
  2 shambling mangroves
  21 dancing weapons
  3 death yaks (Lair:4)
  9 alligators
  4 death knights
  11 deep troll shamans
  42 two-headed ogres
  15 ogre magi
  8 death scarabs (Spider:4)
  5 tengu warriors
  A hell hog (Volcano)
  2 vampire magi
  4 deep troll earth magi
  An orc high priest (Orc:1)
  A spriggan (Swamp:2)
  4 spriggan berserkers
  23 deep elf knights
  A fire crab (Lair:6)
  6 hell knights (Depths:3)
  7 skeletal warriors
  9 iron trolls
  4 naga ritualists (Depths:4)
  2 spriggan druids
  3 wizards
  2 unseen horrors
  4 flayed ghosts
  A glowing orange brain (Vaults:4)
  16 deep trolls
  19 deep elf archers
  5 harpies (Vaults:3)
  11 swamp dragons
  8 ironbrand convokers
  A lindwurm (Orc:1)
  17 orc knights
  4 spectral wolf spiders (Spider:4)
  A mana viper (shapeshifter) (Depths:3)
  6 phantasmal warriors
  4 mana vipers (Depths:4)
  4 necromancers
  32 wolf spiders
  Pikel (D:4)
  A shining eye (Slime:1)
  52 ugly things
  64 deep elf magi
  A manticore (D:14)
  7 orc sorcerers
  A wolf spider (shapeshifter) (Elf:3)
  8 orb spiders
  8 cyclopes
  A cyclops (shapeshifter) (Depths:3)
  The ghost of Phong the Poker, a novice OpFi of Yredelemnul (D:6)
  10 elephants
  5 moths of wrath
  3 naga magi (Depths:4)
  2 centaur zombies (D:15)
  2 water nymphs (shapeshifter)
  A gargoyle (D:10)
  2 molten gargoyles (Volcano)
  3 black mambas
  4 ice statues (IceCv)
  28 spiny frogs
  2 spiny frogs (shapeshifter)
  A torpor snail (shapeshifter) (Depths:3)
  A torpor snail (Swamp:1)
  15 vault sentinels
  An efreet (D:14)
  6 freezing wraiths
  A kobold demonologist (D:12)
  5 spectral swamp worms (Depths:1)
  30 yaktaurs
  11 demonic crawlers
  3 rime drakes
  6 spectral redbacks (Spider:4)
  A spriggan skeleton (Depths:1)
  6 ice devils (IceCv)
  3 redback zombies
  2 anaconda simulacra (IceCv)
  2 guardian mummies (Elf:1)
  6 komodo dragons
  A golden dragon simulacrum (IceCv)
  A komodo dragon (shapeshifter) (Vaults:4)
  2 tengu conjurers
  A hellwing (Gauntlet)
  2 queen bees
  19 jumping spiders
  A meliai (shapeshifter) (D:13)
  A polar bear (shapeshifter) (Vaults:4)
  2 meliai (D:12)
  9 trolls
  16 tyrant leeches
  A polar bear (Lair:6)
  5 spectral jumping spiders (Spider:4)
  3 spectral tarantellas (Spider:4)
  9 hornets
  A queen bee (shapeshifter) (Vaults:3)
  19 blink frogs
  8 hippogriffs
  A meliai zombie (D:15)
  5 bog bodies
  A frost giant simulacrum (Depths:1)
  A fire giant simulacrum (Vaults:1)
  39 slime creatures
  A stone giant simulacrum (Vaults:2)
  4 air elementals
  54 redbacks
  6 shadows
  A redback (shapeshifter) (Vaults:4)
  41 tarantellas
  7 wraiths
  2 vampires
  A wyvern (D:9)
  A yak (shapeshifter) (Depths:1)
  A deep troll skeleton (Depths:1)
  Eustachio (D:5)
  A tarantella (shapeshifter) (Vaults:2)
  51 yaks
  4 hogs
  6 hungry ghosts
  6 golden eyes
  A basilisk (Lair:1)
  A human (shapeshifter) (Vaults:1)
  8 fire bats (Volcano)
  8 fire elementals
  26 vampire mosquitoes
  5 harpy simulacra (IceCv)
  11 insubstantial wisps
  12 wargs
  14 swamp worms
  An iron troll simulacrum (IceCv)
  14 water moccasins
  An acid dragon (Vaults:2)
  A hydra simulacrum (IceCv)
  4 porcupines
  A floating eye (Depths:3)
  5 hell hounds
  30 orc warriors
  A floating eye (shapeshifter) (Vaults:4)
  6 ice beasts
  6 sky beasts
  A sky beast (shapeshifter) (D:15)
  2 black bears
  9 swamp drakes
  3 boggarts (Depths:3)
  2 eyes of draining
  2 phantoms
  A necrophage (D:10)
  50 ogres
  14 wolves
  13 centaurs
  12 crocodiles
  7 big kobolds
  23 bullfrogs
  2 earth elementals
  2 wyvern skeletons
  31 scorpions
  60 killer bees
  21 wights
  8 howler monkeys
  6 electric eels
  9 lava snakes (Volcano)
  10 crimson imps
  2 bullfrog zombies
  A wyvern simulacrum (D:14)
  7 jellies
  2 gnoll shamans (D:8)
  5 bullfrog skeletons
  7 hounds
  6 centaur skeletons
  7 iguanas
  Terence (D:2)
  20 orc priests
  Jessica (D:2)
  A human zombie (Ossuary)
  41 orc wizards
  13 worker ants
  4 hound zombies
  2 hound skeletons
  4 mummies (Ossuary)
  2 worker ant zombies (D:6)
  Robin (D:2)
  18 gnolls
  23 adders
  4 shadow imps
  A white imp (Depths:3)
  7 oozes
  2 adder skeletons
  A worm (shapeshifter) (D:13)
  4 worms
  2 dart slugs
  11 leopard geckos
  101 orcs
  2 ball pythons (Sewer)
  14 giant cockroaches
  15 hobgoblins
  18 jackals
  3 quokkas
  5 bats
  11 frilled lizards
  19 goblins
  A hobgoblin zombie (Ossuary)
  2 jackal zombies (Ossuary)
  29 kobolds
  2 leopard gecko skeletons
  A leopard gecko zombie (D:6)
  3 orc zombies (Ossuary)
  5 rats
  3 rat zombies (Ossuary)
2123 creatures vanquished.

Vanquished Creatures (collateral kills)
  An emperor scorpion (Spider:4)
  A very ugly thing (Swamp:4)
  A spark wasp (Spider:4)
  2 ettins
  A deep elf death mage (Elf:3)
  2 hydras (Swamp:4)
  A deep troll shaman (Vaults:2)
  A shambling mangrove (Swamp:4)
  2 alligators (Swamp:1)
  A deep elf knight (Elf:3)
  An iron troll (Depths:5)
  A skeletal warrior (D:12)
  A spriggan druid (Swamp:3)
  2 swamp dragons (Swamp:4)
  A golden dragon zombie (Depths:1)
  A deep troll (Vaults:2)
  A deep elf archer (Elf:3)
  2 deep elf magi
  A phantasmal warrior (D:12)
  5 orb spiders
  3 wolf spiders
  3 slime creatures
  2 moths of wrath
  2 elephants
  A black mamba (Lair:6)
  2 ice statues (Spider:4)
  3 spiny frogs (Lair:6)
  A torpor snail (Swamp:1)
  2 freezing wraiths (D:12)
  A rime drake (Swamp:4)
  2 demonic crawlers (Spider:3)
  A komodo dragon (Swamp:1)
  3 jumping spiders
  A meliai (D:12)
  2 spectral jumping spiders (Spider:4)
  2 tyrant leeches (Swamp:1)
  2 hornets
  A bog body (Swamp:3)
  3 blink frogs (Lair:6)
  7 redbacks
  A fire dragon skeleton (Depths:1)
  A spriggan (Depths:3)
  8 tarantellas
  4 vampire mosquitoes
  3 swamp worms
  2 insubstantial wisps (Swamp:4)
  4 swamp drakes (Swamp:4)
  5 bullfrogs (Lair:6)
  3 scorpions (Spider:3)
  4 killer bees (D:12)
108 creatures vanquished.

Vanquished Creatures (others)
  A deep elf master archer (Elf:3)
  2 tengu reavers (Vaults:2)
  A stone giant (Depths:3)
  A blizzard demon (IceCv)
  2 centaur warriors
  A deep elf archer (Elf:2)
  4 deep elf magi
  A rime drake (Swamp:4)
  A yaktaur (Depths:5)
  A fire elemental (Elf:2)
  A boggart (Vaults:2)
  An ogre (Depths:1)
  A centaur (Depths:1)
  A killer bee (D:12)
  3 orcs
  2 briar patches (Swamp:1)
  2 demonic plants (Gauntlet)
  10 fungi
  32 plants
  40 spectral weapons
108 creatures vanquished.

Grand Total: 2339 creatures vanquished

Notes
Turn   | Place    | Note
-------+----------+-------------------------------------------
     0 | D:1      | vishdafish the Gnoll Skald began the quest for the Orb.
     0 | D:1      | Reached XP level 1. HP: 20/20 MP: 6/6
   139 | D:1      | Reached XP level 2. HP: 20/26 MP: 5/7
   446 | D:1      | Reached skill level 5 in Spellcasting
   446 | D:1      | Reached XP level 3. HP: 28/31 MP: 7/9
   476 | D:1      | Reached skill level 1 in Invocations
   856 | D:2      | Noticed Robin
   859 | D:2      | Reached skill level 1 in Short Blades
   859 | D:2      | Reached skill level 1 in Axes
   859 | D:2      | Reached skill level 1 in Maces & Flails
   859 | D:2      | Reached skill level 1 in Polearms
   859 | D:2      | Reached skill level 1 in Staves
   859 | D:2      | Reached skill level 1 in Slings
   859 | D:2      | Reached skill level 1 in Bows
   859 | D:2      | Reached skill level 1 in Crossbows
   859 | D:2      | Reached skill level 1 in Throwing
   859 | D:2      | Reached skill level 1 in Stealth
   859 | D:2      | Reached skill level 1 in Shields
   859 | D:2      | Reached skill level 1 in Unarmed Combat
   859 | D:2      | Reached skill level 1 in Evocations
   867 | D:2      | Noticed Terence
   869 | D:2      | Reached XP level 4. HP: 26/38 MP: 3/11
   880 | D:2      | Killed Robin
   886 | D:2      | HP: 2/57 [hobgoblin[Robin] (4)]
   902 | D:2      | Killed Terence
   902 | D:2      | Reached skill level 1 in Conjurations
   902 | D:2      | Reached skill level 1 in Hexes
   902 | D:2      | Reached skill level 1 in Summonings
   902 | D:2      | Reached skill level 1 in Necromancy
   902 | D:2      | Reached skill level 1 in Translocations
   902 | D:2      | Reached skill level 1 in Transmutations
   902 | D:2      | Reached skill level 1 in Fire Magic
   902 | D:2      | Reached skill level 1 in Ice Magic
   902 | D:2      | Reached skill level 1 in Air Magic
   902 | D:2      | Reached skill level 1 in Earth Magic
   902 | D:2      | Reached skill level 1 in Poison Magic
  1210 | D:2      | Noticed Jessica
  1215 | D:2      | Killed Jessica
  1215 | D:2      | Reached XP level 5. HP: 29/43 MP: 12/12
  2015 | D:2      | Found a faded altar of an unknown god.
  2148 | D:2      | Found an opulent altar of Gozag.
  2148 | D:2      | Found an iron altar of Okawaru.
  2148 | D:2      | Found a bloodstained altar of Trog.
  2160 | D:2      | Found a white marble altar of Elyvilon.
  2170 | D:2      | Became a worshipper of Warmaster Okawaru
  2460 | D:3      | Found a glowing drain.
  2487 | Sewer    | Entered a sewer
  2608 | Sewer    | Reached XP level 6. HP: 50/50 MP: 13/13
  2613 | Sewer    | Reached skill level 2 in Invocations
  2700 | Sewer    | Reached skill level 5 in Fighting
  2700 | Sewer    | Reached skill level 5 in Long Blades
  2700 | Sewer    | Reached skill level 5 in Dodging
  2821 | Sewer    | Got a warped dagger
  2940 | Sewer    | Learned a level 2 spell: Song of Slaying
  2943 | Sewer    | Learned a level 2 spell: Shroud of Golubria
  2945 | Sewer    | Identified the cursed +2 dagger of Jiteckud {pierce, rPois
                  | Dex+4 Stlth+} (You found it in a sewer)
  3513 | D:4      | Reached * piety under Okawaru
  3542 | D:4      | Reached XP level 7. HP: 56/56 MP: 15/15
  3602 | D:4      | Found a staircase to the Ecumenical Temple.
  3695 | D:4      | Noticed Pikel
  3725 | D:4      | Killed Pikel
  3725 | D:4      | Reached skill level 3 in Invocations
  3725 | D:4      | Reached XP level 8. HP: 63/63 MP: 4/16
  4089 | D:4      | Found Fatrax's Food Emporium.
  4315 | D:5      | Entered Level 5 of the Dungeon
  4393 | D:5      | Reached ** piety under Okawaru
  4409 | D:5      | Noticed Eustachio
  4413 | D:5      | Killed Eustachio
  4437 | D:5      | Found a blossoming altar of Fedhas.
  4478 | D:5      | Found an ornate altar of the Wu Jian Council.
  4592 | D:5      | Found a sand-covered staircase.
  4599 | Ossuary  | Entered an ossuary
  4960 | Ossuary  | Reached skill level 4 in Invocations
  5186 | D:5      | Reached XP level 9. HP: 52/69 MP: 10/18
  5795 | D:6      | Found a runed translucent door.
  5798 | D:6      | Noticed Phong's ghost (novice OpFi)
  6038 | D:6      | Reached *** piety under Okawaru
  6354 | D:6      | Reached skill level 5 in Armour
  6530 | D:6      | Killed Phong's ghost
  6645 | D:7      | Reached skill level 5 in Invocations
  6921 | D:7      | Reached XP level 10. HP: 68/77 MP: 10/20
  6997 | D:7      | Got a pair of faintly humming boots
  7003 | D:7      | Identified the +5 pair of boots of Oceguep {rElec Str+4}
                  | (You found it on level 7 of the Dungeon)
  7015 | D:7      | Reached **** piety under Okawaru
  7288 | D:7      | Reached skill level 5 in Short Blades
  7288 | D:7      | Reached skill level 5 in Axes
  7288 | D:7      | Reached skill level 5 in Maces & Flails
  7288 | D:7      | Reached skill level 5 in Polearms
  7288 | D:7      | Reached skill level 5 in Staves
  7288 | D:7      | Reached skill level 5 in Slings
  7288 | D:7      | Reached skill level 5 in Bows
  7288 | D:7      | Reached skill level 5 in Crossbows
  7288 | D:7      | Reached skill level 5 in Throwing
  7288 | D:7      | Reached skill level 5 in Stealth
  7288 | D:7      | Reached skill level 5 in Shields
  7288 | D:7      | Reached skill level 5 in Unarmed Combat
  7288 | D:7      | Reached skill level 5 in Evocations
  7719 | D:8      | Found a staircase to the Lair.
  7721 | D:8      | Noticed a two-headed ogre
  7727 | D:8      | Found a shimmering altar of Xom.
  7766 | D:8      | Killed a two-headed ogre
  8014 | D:8      | Reached ***** piety under Okawaru
  8086 | D:8      | Reached skill level 6 in Invocations
  8432 | D:8      | Found Guva's Antique Weapon Emporium.
  9135 | D:9      | Reached XP level 11. HP: 84/84 MP: 22/22
  9368 | D:9      | You fall through a shaft for 2 floors!
  9393 | D:11     | Noticed a cyclops
  9618 | D:10     | Entered Level 10 of the Dungeon
  9647 | D:10     | Received a gift from Okawaru
  9835 | D:10     | Reached skill level 5 in Conjurations
  9835 | D:10     | Reached skill level 5 in Hexes
  9835 | D:10     | Reached skill level 5 in Summonings
  9835 | D:10     | Reached skill level 5 in Necromancy
  9835 | D:10     | Reached skill level 5 in Translocations
  9835 | D:10     | Reached skill level 5 in Transmutations
  9835 | D:10     | Reached skill level 5 in Fire Magic
  9835 | D:10     | Reached skill level 5 in Ice Magic
  9835 | D:10     | Reached skill level 5 in Air Magic
  9835 | D:10     | Reached skill level 5 in Earth Magic
  9835 | D:10     | Reached skill level 5 in Poison Magic
 10870 | D:9      | Got a faintly glowing ring mail
 10881 | D:9      | Identified the +5 ring mail of Serendipity {rN+} (You found
                  | it on level 9 of the Dungeon)
 11294 | D:11     | Noticed a red ugly thing
 11300 | D:11     | Noticed a red ugly thing
 11308 | D:11     | Killed a red ugly thing
 11308 | D:11     | Reached skill level 7 in Invocations
 11308 | D:11     | Killed a purple ugly thing
 11553 | D:11     | Killed a cyclops
 11929 | D:11     | Noticed an orc knight
 11941 | D:11     | Killed an orc knight
 11941 | D:11     | Reached XP level 12. HP: 74/93 MP: 24/24
 11990 | D:11     | Found a staircase to the Orcish Mines.
 12452 | Lair:1   | Entered Level 1 of the Lair of Beasts
 12994 | Lair:1   | Noticed an eight-headed hydra
 13008 | Lair:1   | Killed a four-headed hydra
 13008 | Lair:1   | Received a gift from Okawaru
 13012 | Lair:1   | Got a spiked scale mail {god gift}
 13023 | Lair:1   | Identified the +0 scale mail of Subjectivity {Regen+ rCorr
                  | Str+4} (Okawaru gifted it to you on level 1 of the Lair of
                  | Beasts)
 13100 | Lair:1   | Noticed an eight-headed hydra
 13109 | Lair:1   | Killed a four-headed hydra
 13544 | Lair:1   | Learned a level 3 spell: Spectral Weapon
 13648 | Lair:2   | Reached skill level 8 in Invocations
 13655 | Lair:2   | Found a hole to the Spider Nest.
 13984 | Lair:2   | Found a staircase to the Swamp.
 14045 | Lair:2   | Reached ****** piety under Okawaru
 14263 | Lair:2   | Noticed an eight-headed hydra
 14276 | Lair:2   | Killed a four-headed hydra
 14276 | Lair:2   | Reached XP level 13. HP: 85/101 MP: 23/26
 14354 | Lair:2   | Received a gift from Okawaru
 14993 | Lair:3   | Received a gift from Okawaru
 16241 | Lair:4   | Reached skill level 9 in Invocations
 16724 | Lair:4   | Received a gift from Okawaru
 17250 | Lair:5   | Noticed Kirke
 17526 | Lair:5   | Noticed a sphinx
 17530 | Lair:5   | Killed Kirke
 17605 | Lair:5   | Found a staircase to the Slime Pits.
 17610 | Lair:5   | Gained mutation: You have a pair of small horns on your
                  | head. [potion of mutation]
 17610 | Lair:5   | Gained mutation: Armour fits poorly on your strangely
                  | shaped body. [potion of mutation]
 17610 | Lair:5   | Gained mutation: You expend magic power (3 MP) to
                  | strengthen your wands. [potion of mutation]
 17793 | Lair:5   | Reached skill level 10 in Spellcasting
 17869 | Lair:5   | Reached XP level 14. HP: 76/109 MP: 28/28
 17879 | Lair:5   | Noticed Nessos
 17881 | Lair:5   | Killed Nessos
 18210 | Lair:5   | You fall through a shaft!
 18210 | Lair:6   | Entered Level 6 of the Lair of Beasts
 18255 | Lair:6   | Found a gate leading to a gauntlet.
 18259 | Gauntlet | Entered a Gauntlet
 18259 | Gauntlet | Found a transporter.
 18259 | Gauntlet | Found a transporter.
 18259 | Gauntlet | Found a transporter.
 18260 | Gauntlet | Found a transporter.
 18262 | Gauntlet | Found a transporter.
 18297 | Gauntlet | Found a transporter.
 18300 | Gauntlet | Found a transporter.
 18316 | Gauntlet | Found a transporter.
 18330 | Gauntlet | Found a transporter.
 18343 | Gauntlet | Noticed a reaper
 18345 | Gauntlet | Found a transporter.
 18348 | Gauntlet | Found a transporter.
 18352 | Gauntlet | Found a runed translucent door.
 18352 | Gauntlet | Found a runed translucent door.
 18360 | Gauntlet | Found a transporter.
 18549 | Gauntlet | Killed a reaper
 18549 | Gauntlet | Received a gift from Okawaru
 18549 | Gauntlet | Reached skill level 10 in Fighting
 18549 | Gauntlet | Reached skill level 10 in Long Blades
 18549 | Gauntlet | Reached skill level 10 in Dodging
 18595 | Gauntlet | Got a crude hat
 18601 | Gauntlet | Identified the +0 hat "Muloaseo" {+Fly rElec rF+ Int-2}
                  | (You found it in a Gauntlet)
 18742 | Gauntlet | Identified the +7 trident of Sudden Death {drain, rF+ rN++
                  | Str-2}
 18801 | Gauntlet | Identified the Catalogue of Protection
 18804 | Gauntlet | Identified the Catalogue of Darkness and the Volcanoes
 18853 | Gauntlet | Found the +2 cloak of the Thief {+Fog Slay-2 SInv Stlth+}
 20062 | Lair:6   | Reached skill level 10 in Invocations
 20142 | Lair:6   | Lost mutation: Armour fits poorly on your strangely shaped
                  | body. [potion of mutation]
 20142 | Lair:6   | Lost mutation: You expend magic power (3 MP) to strengthen
                  | your wands. [potion of mutation]
 20142 | Lair:6   | Gained mutation: You have large cloven feet. [potion of
                  | mutation]
 20142 | Lair:6   | Gained mutation: You have hoof-like feet. [potion of
                  | mutation]
 20142 | Lair:6   | Gained mutation: You are surrounded by a mild repulsion
                  | field. (EV +2) [potion of mutation]
 20145 | Lair:6   | Lost mutation: You have a pair of small horns on your head.
                  | [potion of mutation]
 20145 | Lair:6   | Lost mutation: You have hoof-like feet. [potion of
                  | mutation]
 20145 | Lair:6   | Gained mutation: Your muscles are strong. (Str +2) [potion
                  | of mutation]
 20145 | Lair:6   | Gained mutation: You have an increased reservoir of magic.
                  | (+10% MP) [potion of mutation]
 21241 | D:12     | Received a gift from Okawaru
 21322 | D:12     | Received a gift from Okawaru
 21330 | D:12     | Noticed Josephine
 21342 | D:12     | Killed Josephine
 21392 | D:12     | Got an ancient helmet {god gift}
 21398 | D:12     | Identified the +0 helmet of Tokeugum {rElec rC+ rCorr}
                  | (Okawaru gifted it to you on level 12 of the Dungeon)
 21980 | D:12     | Reached XP level 15. HP: 21/117 MP: 32/32
 22529 | D:12     | Reached skill level 10 in Armour
 22530 | D:12     | Noticed a sphinx
 22538 | D:12     | Killed a sphinx
 23552 | D:13     | Received a gift from Okawaru
 23809 | D:13     | Reached skill level 10 in Charms
 23836 | D:13     | Found a gate to the Vaults.
 24005 | D:14     | Reached skill level 10 in Short Blades
 24005 | D:14     | Reached skill level 10 in Axes
 24005 | D:14     | Reached skill level 10 in Maces & Flails
 24005 | D:14     | Reached skill level 10 in Polearms
 24005 | D:14     | Reached skill level 10 in Staves
 24005 | D:14     | Reached skill level 10 in Slings
 24005 | D:14     | Reached skill level 10 in Bows
 24005 | D:14     | Reached skill level 10 in Crossbows
 24005 | D:14     | Reached skill level 10 in Throwing
 24005 | D:14     | Reached skill level 10 in Stealth
 24005 | D:14     | Reached skill level 10 in Shields
 24005 | D:14     | Reached skill level 10 in Unarmed Combat
 24005 | D:14     | Reached skill level 10 in Evocations
 24294 | D:14     | Identified the cursed +0 scale mail of Supple Strength
                  | {Str+4}
 24524 | D:14     | Found a runed translucent gate.
 24524 | D:14     | Found a runed translucent gate.
 24524 | D:14     | Found a runed translucent gate.
 24524 | D:14     | Noticed Jiolyugh's ghost (journeyman GrEE)
 24552 | D:14     | Reached skill level 11 in Invocations
 24576 | D:14     | Killed Jiolyugh's ghost
 24576 | D:14     | Received a gift from Okawaru
 24688 | D:14     | Noticed Louise
 24754 | D:14     | Killed Louise
 24864 | D:14     | Found an opulent altar of Gozag.
 25000 | D:15     | Entered Level 15 of the Dungeon
 25123 | D:15     | Reached XP level 16. HP: 88/125 MP: 34/34
 25520 | D:15     | Found a staircase to the Depths.
 25746 | D:15     | Found a glowing golden altar of the Shining One.
 26047 | D:15     | Received a gift from Okawaru
 26354 | Orc:1    | Entered Level 1 of the Orcish Mines
 26393 | Orc:1    | Found Irir's Food Boutique.
 26633 | Orc:1    | Found a dark tunnel.
 26683 | Volcano  | Entered a volcano
 26992 | Volcano  | Found a bloodstained altar of Trog.
 27243 | Volcano  | Identified a +1 pair of boots of running (You found it in a
                  | volcano)
 27326 | Orc:2    | Entered Level 2 of the Orcish Mines
 27618 | Orc:2    | Received a gift from Okawaru
 27769 | Orc:2    | Reached XP level 17. HP: 61/133 MP: 36/36
 28056 | Orc:2    | Found a staircase to the Elven Halls.
 28109 | Orc:2    | Noticed Azrael
 28136 | Orc:2    | Killed Azrael
 28142 | Orc:2    | Reached skill level 12 in Invocations
 28208 | Orc:2    | Found Ytwedaqi's Gadget Emporium.
 28208 | Orc:2    | Found Kahoa's Weapon Boutique.
 28209 | Orc:2    | Found Jeeck's Weapon Shop.
 28209 | Orc:2    | Found Jasoggod's Armour Emporium.
 28844 | Orc:1    | Found a runed translucent gate.
 28844 | Orc:1    | Noticed barkas's ghost (journeyman CeMo)
 28846 | Orc:1    | Found a runed translucent gate.
 28847 | Orc:1    | Found a roughly hewn altar of Beogh.
 28847 | Orc:1    | Found a runed translucent gate.
 28967 | Orc:1    | Killed barkas's ghost
 29475 | Spider:1 | Entered Level 1 of the Spider Nest
 29583 | Spider:1 | Got an ebony long sword
 29594 | Spider:1 | Identified the +3 long sword of Revolt {slice, rPois Str+6}
                  | (You found it on level 1 of the Spider Nest)
 29690 | Spider:1 | Noticed Agnes
 29708 | Spider:1 | Killed Agnes
 29797 | Spider:1 | Identified the Grimoire of Companions
 30182 | Spider:1 | Received a gift from Okawaru
 30476 | Spider:2 | Noticed Nikola
 30512 | Spider:2 | Killed Nikola
 30901 | Spider:2 | Noticed Frances
 30917 | Spider:2 | Killed Frances
 31360 | Spider:2 | Received a gift from Okawaru
 31363 | Spider:2 | Got a pair of fine boots {god gift}
 31374 | Spider:2 | Identified the -5 pair of boots "Sabras" {rElec rF+ MR+}
                  | (Okawaru gifted it to you on level 2 of the Spider Nest)
 32111 | Spider:2 | Learned a level 4 spell: Animate Dead
 32117 | Spider:2 | Learned a level 5 spell: Dispel Undead
 32121 | Spider:2 | Learned a level 3 spell: Recall
 32615 | Spider:3 | Reached skill level 10 in Conjurations
 32615 | Spider:3 | Reached skill level 10 in Hexes
 32615 | Spider:3 | Reached skill level 10 in Summonings
 32615 | Spider:3 | Reached skill level 10 in Necromancy
 32615 | Spider:3 | Reached skill level 10 in Translocations
 32615 | Spider:3 | Reached skill level 10 in Transmutations
 32615 | Spider:3 | Reached skill level 10 in Fire Magic
 32615 | Spider:3 | Reached skill level 10 in Ice Magic
 32615 | Spider:3 | Reached skill level 10 in Air Magic
 32615 | Spider:3 | Reached skill level 10 in Earth Magic
 32615 | Spider:3 | Reached skill level 10 in Poison Magic
 32918 | Spider:3 | Reached XP level 18. HP: 141/141 MP: 33/38
 33109 | Spider:3 | Received a gift from Okawaru
 33278 | Spider:4 | Entered Level 4 of the Spider Nest
 33278 | Spider:4 | Found a frozen archway.
 33476 | IceCv    | Entered an ice cave
 33882 | IceCv    | Received a gift from Okawaru
 34064 | IceCv    | Identified the +1 robe "Pobbel" {rC- Str-5 Int+8} (You
                  | found it in an ice cave)
 34950 | Spider:4 | Received a gift from Okawaru
 35358 | Spider:4 | Reached skill level 13 in Invocations
 35414 | Spider:4 | Received a gift from Okawaru
 35659 | Spider:4 | Received a gift from Okawaru
 35671 | Spider:4 | Received a gift from Okawaru
 36147 | Spider:4 | Got a dazzling chain mail {god gift}
 36148 | Spider:4 | Identified the +1 chain mail of Oridostuu {rCorr Int+3
                  | Slay+3 SInv} (Okawaru gifted it to you on level 4 of the
                  | Spider Nest)
 36230 | Spider:4 | Got a gossamer rune of Zot
 36246 | Spider:4 | Learned a level 3 spell: Regeneration
 36632 | Vaults:1 | Entered Level 1 of the Vaults
 37168 | Vaults:1 | Reached XP level 19. HP: 137/149 MP: 35/39
 37914 | Vaults:2 | Received a gift from Okawaru
 38149 | Vaults:2 | Found Ugeepit's General Store.
 38157 | Vaults:2 | Bought a potion of mutation for 144 gold pieces
 38529 | Vaults:2 | Noticed Sojobo
 38568 | Vaults:2 | HP: 7/223 [Sojobo/the air (32)]
 38572 | Vaults:2 | Killed Sojobo
 38572 | Vaults:2 | Received a gift from Okawaru
 38572 | Vaults:2 | Received a gift from Okawaru
 38574 | Vaults:2 | HP: 9/223 [poisoned by a tengu reaver (poison gas)]
 38726 | Vaults:2 | Noticed Mennas
 38750 | Vaults:2 | Killed Mennas
 38750 | Vaults:2 | Received a gift from Okawaru
 38976 | Vaults:2 | Received a gift from Okawaru
 38983 | Vaults:2 | Identified the +2 halberd "Beetlebane" {drain, rPois}
                  | (Okawaru gifted it to you on level 2 of the Vaults)
 39540 | Vaults:3 | Noticed a Brimstone Fiend
 39734 | Vaults:3 | Found a staircase to the Crypt.
 39734 | Vaults:3 | Found a basalt altar of Yredelemnul.
 39735 | Vaults:3 | Found an ancient bone altar of Kikubaaqudgha.
 40170 | Vaults:3 | Received a gift from Okawaru
 40170 | Vaults:3 | Reached XP level 20. HP: 44/157 MP: 41/41
 40447 | Vaults:3 | Reached skill level 14 in Invocations
 40570 | Vaults:3 | Found Gacit's Jewellery Boutique.
 40579 | Vaults:3 | Bought an uncursed amulet of regeneration for 480 gold
                  | pieces
 40771 | Vaults:3 | Received a gift from Okawaru
 40786 | Vaults:3 | Identified the +7 chain mail of Chill Winds {Slay+2 Stlth+}
                  | (Okawaru gifted it to you on level 3 of the Vaults)
 41446 | Vaults:4 | HP: 5/158 [yaktaur captain (15)]
 41497 | Vaults:4 | Received a gift from Okawaru
 41655 | Vaults:4 | Found Cijoril's Armour Emporium.
 41834 | Vaults:4 | Received a gift from Okawaru
 42732 | Swamp:1  | Entered Level 1 of the Swamp
 43320 | Swamp:1  | Received a gift from Okawaru
 43344 | Swamp:1  | Reached XP level 21. HP: 147/165 MP: 43/43
 43600 | Swamp:1  | Got a smoking amber ring
 43652 | Swamp:1  | Identified the ring of Viqogo {Str+2 SInv Stlth-} (You
                  | found it on level 1 of the Swamp)
 43694 | Swamp:2  | Received a gift from Okawaru
 43705 | Swamp:2  | Got an ichor-stained fustibalus {god gift}
 43706 | Swamp:2  | Identified the +1 fustibalus of Death's Door {freeze, rF++
                  | rC+++ Str+2 Dex-4} (Okawaru gifted it to you on level 2 of
                  | the Swamp)
 45014 | Swamp:4  | Entered Level 4 of the Swamp
 45284 | Swamp:4  | Received a gift from Okawaru
 45854 | Swamp:4  | Got a decaying rune of Zot
 46301 | Elf:1    | Entered Level 1 of the Elven Halls
 46639 | Elf:1    | Found Tulu's Antique Armour Shoppe.
 46656 | Elf:1    | Bought a pair of ichor-stained boots for 313 gold pieces
 46656 | Elf:1    | Bought a crude plate armour for 924 gold pieces
 46656 | Elf:1    | Bought a shiny shield for 247 gold pieces
 46656 | Elf:1    | Bought a translucent chain mail for 313 gold pieces
 46656 | Elf:1    | Identified the +8 chain mail "Gastroef" {+Inv rC- Dex+3
                  | Stlth+} (You bought it in a shop on level 1 of the Elven
                  | Halls)
 46657 | Elf:1    | Identified the +6 plate armour of the Armadillo {rPois
                  | Str+2 Dex+4 Slay-4} (You bought it in a shop on level 1 of
                  | the Elven Halls)
 46658 | Elf:1    | Identified the +2 pair of boots "Gadd" {*Drain rElec Int+8
                  | Dex+3} (You bought it in a shop on level 1 of the Elven
                  | Halls)
 46758 | Elf:1    | Found Houvosch's Antique Weapon Shop.
 46830 | Elf:1    | Found a portal to a secret trove of treasure.
 46917 | Elf:1    | Received a gift from Okawaru
 46951 | Elf:1    | Reached skill level 15 in Invocations
 47122 | Elf:1    | Got a pair of encrusted gloves {god gift}
 47133 | Elf:1    | Identified the +2 pair of gloves of Catatonia {rF++}
                  | (Okawaru gifted it to you on level 1 of the Elven Halls)
 47437 | Elf:1    | Identified the Reference Book on Creative Conjuration
 47815 | Elf:2    | Found a runed translucent gate.
 47815 | Elf:2    | Found a runed translucent gate.
 47816 | Elf:2    | Found a runed translucent gate.
 47892 | Elf:2    | Found a deep blue altar of Sif Muna.
 48499 | Elf:2    | Reached XP level 22. HP: 128/173 MP: 44/44
 48748 | Elf:3    | Entered Level 3 of the Elven Halls
 48867 | Elf:3    | Received a gift from Okawaru
 49848 | Elf:3    | Identified the amulet "Rokh" {Reflect Fragile rElec Int+3
                  | Dex+3 SH+4}
 49872 | Elf:3    | Reached skill level 15 in Spellcasting
 49920 | Elf:3    | Received a gift from Okawaru
 49923 | Elf:3    | Identified the +1 triple sword "Yserchy" {pain, rPois rC+
                  | MR+} (Okawaru gifted it to you on level 3 of the Elven
                  | Halls)
 50081 | Elf:3    | Identified the +1 scale mail of Spite {rElec Dex+2 Stlth+}
 50540 | Elf:3    | Identified the cursed +0 chain mail "Nyigus" {+Blink +Inv}
 50562 | Elf:3    | Reached skill level 15 in Fighting
 50562 | Elf:3    | Reached skill level 15 in Long Blades
 50562 | Elf:3    | Reached skill level 15 in Dodging
 50897 | Elf:3    | Found the +3 hat of Pondering {ponderous, MR+ MP+10 Int+5}
 50927 | Elf:3    | Got a pair of warped boots
 50938 | Elf:3    | Identified the +0 pair of boots of Urovafra {MR+ Int+2}
                  | (You found it on level 3 of the Elven Halls)
 51319 | Depths:1 | Entered Level 1 of the Depths
 51376 | Depths:1 | Found a one-way gate to the infinite horrors of the Abyss.
 51491 | Depths:1 | Received a gift from Okawaru
 51636 | Depths:1 | Found an iron altar of Okawaru.
 51703 | Depths:1 | Found a gateway to Hell.
 52285 | Depths:1 | Paralysed by a great orb of eyes for 3 turns
 52505 | Depths:2 | Paralysed by a lich for 4 turns
 52513 | Depths:2 | Reached XP level 23. HP: 147/181 MP: 46/46
 52527 | Depths:2 | HP: 11/271 [white very ugly thing (17)]
 52766 | Depths:2 | Found Osijais's General Store.
 52769 | Depths:2 | Bought a potion of heal wounds for 85 gold pieces
 52769 | Depths:2 | Bought a manual of Ice Magic for 1876 gold pieces
 52806 | Depths:2 | Found an iron altar of Okawaru.
 53106 | Depths:2 | Identified the +4 chain mail of Vabairow {Int+3} (You found
                  | it on level 2 of the Depths)
 53179 | Depths:2 | Reached skill level 15 in Armour
 53248 | Depths:2 | Identified the +7 broad axe "Locvukke" {freeze, Str+2
                  | Int+6}
 53295 | Depths:2 | Identified the cursed +0 spear of Varriz {drain, +Blink
                  | rElec Int+4 Dex-3}
 53304 | Depths:2 | Reached skill level 16 in Invocations
 53416 | Depths:2 | Identified the +0 buckler "Mevvibest" {+Inv rC+} (You found
                  | it on level 2 of the Depths)
 53678 | Depths:2 | Received a gift from Okawaru
 53865 | Depths:2 | Identified the +6 great sword of Okawaru's Condemnation
                  | {slice, rN+ Int+4} (Okawaru gifted it to you on level 2 of
                  | the Depths)
 54124 | Depths:3 | Reached skill level 15 in Short Blades
 54124 | Depths:3 | Reached skill level 15 in Axes
 54124 | Depths:3 | Reached skill level 15 in Maces & Flails
 54124 | Depths:3 | Reached skill level 15 in Polearms
 54124 | Depths:3 | Reached skill level 15 in Staves
 54124 | Depths:3 | Reached skill level 15 in Slings
 54124 | Depths:3 | Reached skill level 15 in Bows
 54124 | Depths:3 | Reached skill level 15 in Crossbows
 54124 | Depths:3 | Reached skill level 15 in Throwing
 54124 | Depths:3 | Reached skill level 15 in Stealth
 54124 | Depths:3 | Reached skill level 15 in Shields
 54124 | Depths:3 | Reached skill level 15 in Unarmed Combat
 54124 | Depths:3 | Reached skill level 15 in Evocations
 54577 | Depths:3 | Found a one-way gate leading to the halls of Pandemonium.
 54692 | Depths:3 | Received a gift from Okawaru
 54732 | Depths:3 | Paralysed by a great orb of eyes for 2 turns
 54881 | Depths:3 | Found a corrupted altar of Lugonu.
 55312 | Depths:3 | Paralysed by a great orb of eyes for 6 turns
 55900 | Depths:4 | Paralysed by a lich for 3 turns
 55917 | Depths:4 | Reached XP level 24. HP: 84/190 MP: 32/47
 56086 | Depths:4 | Got a heavily runed golden ring
 56088 | Depths:4 | Identified the ring "Finiad" {Str+4 Int+7 Stlth+} (You
                  | found it on level 4 of the Depths)
 56379 | Depths:4 | You fall through a shaft!
 56379 | Depths:5 | Entered Level 5 of the Depths
 56574 | Depths:4 | Noticed Saint Roka
 56599 | Depths:4 | Killed Saint Roka
 56927 | Depths:4 | Cast into level 4 of the Abyss (a lich)
 56994 | Depths:4 | Escaped the Abyss
 57141 | Depths:4 | Received a gift from Okawaru
 57317 | Depths:4 | Identified a scroll of acquirement
 57594 | Depths:5 | Received a gift from Okawaru
 57612 | Depths:5 | Found Tesiobek's Magic Scroll Shoppe.
 57613 | Depths:5 | Found a gateway to a ziggurat.
 57620 | Depths:5 | Bought a scroll of identify for 50 gold pieces
 57620 | Depths:5 | Bought a scroll of teleportation for 75 gold pieces
 57620 | Depths:5 | Bought a scroll of identify for 50 gold pieces
 57791 | Depths:5 | Received a gift from Okawaru
 58094 | Depths:5 | Found a gate to the Realm of Zot.
 58539 | Depths:5 | Noticed a caustic shrike
 58539 | Depths:5 | Noticed a caustic shrike
 58541 | Depths:5 | Noticed a caustic shrike
 58542 | Depths:5 | Noticed a caustic shrike
 58546 | Depths:5 | Killed a caustic shrike
 58558 | Depths:5 | Was placed under penance by Okawaru
 58559 | Depths:5 | Killed a caustic shrike
 58561 | Depths:5 | HP: 6/191 [acid (5)]
 58732 | Depths:5 | Killed a caustic shrike
 58737 | Depths:5 | Killed a caustic shrike
 59528 | Slime:1  | Entered Level 1 of the Pits of Slime
 59530 | Slime:1  | Gained mutation: Your spells are a little easier to cast,
                  | but a little less powerful. [a shining eye]
 59533 | Slime:1  | Lost mutation: Your muscles are strong. (Str +2) [a shining
                  | eye]
 59795 | Slime:1  | Was forgiven by Okawaru
 59795 | Slime:1  | Reached skill level 17 in Invocations
 59980 | Slime:2  | Noticed Dissolution
 59991 | Slime:1  | Killed Dissolution
 59991 | Slime:1  | Reached XP level 25. HP: 151/197 MP: 43/47
 59992 | Slime:1  | Lost mutation: Your spells are a little easier to cast, but
                  | a little less powerful. [potion of mutation]
 59992 | Slime:1  | Lost mutation: You have large cloven feet. [potion of
                  | mutation]
 59992 | Slime:1  | Lost mutation: You are surrounded by a mild repulsion
                  | field. (EV +2) [potion of mutation]
 59992 | Slime:1  | Gained mutation: Your natural rate of healing is unusually
                  | fast. [potion of mutation]
 59992 | Slime:1  | Gained mutation: You have large cloven feet. [potion of
                  | mutation]
 59992 | Slime:1  | Gained mutation: You are resistant to electric shocks.
                  | (rElec) [potion of mutation]
 60766 | Slime:2  | HP: 9/199 [azure jelly (2)]
 60766 | Slime:2  | Demolished by a very large slime creature

Skill      XL: |  1  2  3  4  5  6  7  8  9 10 11 12 13 14 15 16 17 18 19 20 21 22 23 24 |
---------------+-------------------------------------------------------------------------+-----
Spellcasting   | 5 6 7 8 9 10 11 12 13 14 15 16 | 16.5
Invocations    | 1 2 3 4 5 6 7 8 9 10 11 12 13 14 15 16 17 | 17.1
Short Blades   | 1 2 3 4 5 6 7 8 9 10 11 12 13 14 15 | 15.9
Axes           | 1 2 3 4 5 6 7 8 9 10 11 12 13 14 15 | 15.9
Maces & Flails | 1 2 3 4 5 6 7 8 9 10 11 12 13 14 15 | 15.9
Polearms       | 1 2 3 4 5 6 7 8 9 10 11 12 13 14 15 | 15.9
Staves         | 1 2 3 4 5 6 7 8 9 10 11 12 13 14 15 16 | 16.4
Slings         | 1 2 3 4 5 6 7 8 9 10 11 12 13 14 15 | 15.9
Bows           | 1 2 3 4 5 6 7 8 9 10 11 12 13 14 15 | 15.9
Crossbows      | 1 2 3 4 5 6 7 8 9 10 11 12 13 14 15 | 15.9
Throwing       | 1 2 3 4 5 6 7 8 9 10 11 12 13 14 15 | 15.9
Stealth        | 1 2 3 4 5 6 7 8 9 10 11 12 13 14 15 | 15.9
Shields        | 1 2 3 4 5 6 7 8 9 10 11 12 13 14 15 | 15.9
Unarmed Combat | 1 2 3 4 5 6 7 8 9 10 11 12 13 14 15 | 15.9
Evocations     | 1 2 3 4 5 6 7 8 9 10 11 12 13 14 15 | 15.9
Conjurations   | 1 2 3 4 5 6 7 8 9 10 11 12 13 | 13.7
Hexes          | 1 2 3 4 5 6 7 8 9 10 11 12 13 | 13.7
Summonings     | 1 2 3 4 5 6 7 8 9 10 11 12 13 | 13.7
Necromancy     | 1 2 3 4 5 6 7 8 9 10 11 12 13 | 13.7
Translocations | 1 2 3 4 5 6 7 8 9 10 11 12 13 | 13.7
Transmutations | 1 2 3 4 5 6 7 8 9 10 11 12 13 | 13.7
Fire Magic     | 1 2 3 4 5 6 7 8 9 10 11 12 13 14 | 14.8
Ice Magic      | 1 2 3 4 5 6 7 8 9 10 11 12 13 14 | 14.6
Air Magic      | 1 2 3 4 5 6 7 8 9 10 11 12 13 | 13.7
Earth Magic    | 1 2 3 4 5 6 7 8 9 10 11 12 13 | 13.7
Poison Magic   | 1 2 3 4 5 6 7 8 9 10 11 12 13 | 13.7
Armour         | 3 4 5 6 7 8 9 10 11 12 13 14 15 16 | 16.0
Fighting       | 5 6 7 8 9 10 11 12 13 14 15 16 | 16.4
Long Blades    | 5 6 7 8 9 10 11 12 13 14 15 16 | 16.4
Dodging        | 5 6 7 8 9 10 11 12 13 14 15 16 | 16.4
Charms         | 6 7 8 9 10 11 12 13 14 | 14.5

Action                   |  1- 3 |  4- 6 |  7- 9 | 10-12 | 13-15 | 16-18 | 19-21 | 22-24 | 25-27 || total
-------------------------+-------+-------+-------+-------+-------+-------+-------+-------+-------++-------
Melee: Falchion          |   104 |    90 |       |       |       |       |       |       |       ||   194
       Bite              |    12 |    16 |    56 |   143 |   206 |   286 |   265 |   272 |    24 ||  1280
       Long sword        |       |    97 |       |       |       |       |       |       |       ||    97
       Dagger            |       |    32 |   477 |   474 |       |       |       |       |       ||   983
       Punch             |       |       |    10 |    30 |    32 |       |       |       |       ||    72
       Unarmed           |       |       |       |    10 |     5 |       |       |       |       ||    15
       War axe           |       |       |       |    99 |    93 |       |       |       |       ||   192
       Demon whip        |       |       |       |   383 |   477 |       |       |       |       ||   860
       Headbutt          |       |       |       |       |    55 |       |       |       |       ||    55
       Trident           |       |       |       |       |   936 |  1577 |       |       |       ||  2513
       Double sword      |       |       |       |       |       |   353 |   724 |     7 |   124 ||  1208
       Trishula          |       |       |       |       |       |       |   911 |  1782 |       ||  2693
 Fire: Blowgun           |       |       |       |     5 |       |       |       |       |       ||     5
Throw: Tomahawk          |       |       |       |    18 |       |       |       |       |       ||    18
       Javelin           |       |       |       |       |    50 |    54 |    36 |   151 |     3 ||   294
 Cast: Infusion          |     3 |     5 |    17 |    18 |     6 |     1 |     1 |     1 |       ||    52
       Shroud of Golubri |       |       |     6 |    14 |    14 |     5 |     5 |     6 |       ||    50
       Song of Slaying   |       |       |     7 |    17 |    31 |    27 |    33 |    27 |       ||   142
       Spectral Weapon   |       |       |       |     6 |    48 |    39 |    21 |    24 |       ||   138
       Animate Dead      |       |       |       |       |       |    29 |    32 |    19 |       ||    80
       Regeneration      |       |       |       |       |       |       |    27 |    18 |       ||    45
Invok: Heroism           |       |       |       |     3 |     3 |     4 |     8 |     4 |       ||    22
       Finesse           |       |       |       |       |     2 |     2 |     4 |     4 |       ||    12
 Abil: Evoke Fog         |       |       |       |       |       |       |     3 |       |       ||     3
Evoke: Wand              |       |       |     6 |    15 |    30 |    22 |     6 |    14 |       ||    93
       Sack of spiders   |       |       |       |       |    13 |       |       |       |       ||    13
       Box of beasts     |       |       |       |       |     3 |       |       |       |       ||     3
       Phial of floods   |       |       |       |       |       |       |       |     3 |       ||     3
       Lamp of fire      |       |       |       |       |       |       |       |     4 |     1 ||     5
  Use: Potion            |       |     3 |       |     7 |     6 |    12 |    11 |    11 |     9 ||    59
       Scroll            |       |     5 |     9 |     5 |    16 |    16 |    19 |    12 |     4 ||    86
 Stab: Sleeping          |     1 |     6 |     5 |    22 |    15 |    37 |    14 |    12 |       ||   112
       Paralysed         |       |       |       |     3 |     8 |     5 |       |       |       ||    16
       Distracted        |       |       |       |     1 |    15 |    26 |    13 |    10 |       ||    65
       Invisible         |       |       |       |     1 |       |     5 |       |       |       ||     6
       Held in net/web   |       |       |       |       |     2 |     7 |       |       |       ||     9
       Confused          |       |       |       |       |       |       |     3 |       |       ||     3
  Eat: Chunk             |       |     5 |     4 |    19 |    23 |    16 |    18 |    27 |       ||   112
       Ration            |       |     1 |     2 |     3 |     5 |     8 |     7 |     4 |     1 ||    31
Armor: Leather armour    |    21 |    12 |       |    84 |       |       |       |       |       ||   117
       Skin              |       |    10 |       |       |       |       |       |       |       ||    10
       Scale mail        |       |    40 |   162 |   187 |    90 |       |       |       |       ||   479
       Ring mail         |       |       |       |    97 |       |       |       |       |       ||    97
       Plate armour      |       |       |       |       |    97 |       |       |       |       ||    97
       Quicksilver drago |       |       |       |       |   274 |   613 |       |       |       ||   887
       Chain mail        |       |       |       |       |       |    18 |   567 |   565 |   105 ||  1255
Dodge: Dodged            |    81 |   133 |   307 |   829 |   890 |  1400 |   915 |   744 |   102 ||  5401
       Deflected         |       |       |     2 |    11 |     3 |       |       |       |       ||    16
Block: Shield            |       |       |       |       |   455 |  1239 |   945 |   928 |    79 ||  3646
       Reflection        |       |       |       |       |       |       |    18 |    96 |     4 ||   118
       Rpst.: Falchion   |    26 |     9 |       |       |       |       |       |       |       ||    35
       Long sword        |       |    22 |       |       |       |       |       |       |       ||    22
       Double sword      |       |       |       |       |       |    87 |   114 |     1 |    10 ||   212
